 Dungeon Crawl Stone Soup version 0.32-a0-42-ga30500b4d3 (webtiles) character file.

Game seed: 12329728374125163620

89152 LesserPlayer the Severer (level 15, -9/143 HPs)
             Began as a Minotaur Berserker on Jan 26, 2024.
             Was an Elder of Trog.
             Mangled by a spark wasp (16 damage)
             ... on level 3 of the Lair of Beasts on Jan 28, 2024.
             The game lasted 01:27:37 (30032 turns).

LesserPlayer the Severer (Minotaur Berserker)      Turns: 30032, Time: 01:27:37

Health: -9/143     AC: 19    Str: 35    XL:     15   Next: 48%
Magic:  14/14      EV: 13    Int:  4    God:    Trog [****..]
Gold:   1340       SH:  0    Dex: 10    Spells: 14/14 levels left

rFire   . . .        D - +0 battleaxe
rCold   . . .        (shield currently unavailable)
rNeg    . . .        C - +0 plate armour
rPois   +            (helmet restricted)
rElec   .            (no cloak)
rCorr   .            (no gloves)
SInv    .            w - +1 pair of boots
Will    +++..        M - amulet of the acrobat Stlth
                     t - +6 ring of strength
HPRegen 1.43/turn    H - ring of poison resistance
MPRegen 0.14/turn

%: acrobat
@: strong-willed, regenerating
A: horns 2, retaliatory headbutt
a: Renounce Religion, Berserk, Trog's Hand, Brothers in Arms


You were on level 3 of the Lair of Beasts.
You worshipped Trog.
Trog was greatly pleased with you.
You visited 4 branches of the dungeon, and saw 22 of its levels.

You collected 1340 gold pieces.

Inventory:

Hand Weapons
 e - a +0 antimagic demon whip
 i - a +0 dagger of venom
 x - a +0 broad axe
 D - a +0 battleaxe (weapon)
 S - a +4 heavy battleaxe
Missiles
 c - 167 stones
 l - 4 darts of dispersal
 o - 36 poisoned darts (quivered)
 q - 11 atropa-tipped darts
 u - a throwing net
Armour
 w - a +1 pair of boots (worn)
 B - a +2 kite shield
 C - a +0 plate armour (worn)
Jewellery
 j - a ring of willpower
 t - a +6 ring of strength (left hand)
 F - a +4 ring of protection
 H - a ring of poison resistance (right hand)
 K - a ring of positive energy
 M - an amulet of the acrobat (around neck)
 O - a ring of see invisible
 P - a +5 ring of evasion
Wands
 n - a wand of quicksilver (6)
 p - a wand of polymorph (5)
 E - a wand of flame (4)
 I - a wand of roots (11)
Scrolls
 b - 3 scrolls of teleportation
 f - 11 scrolls of identify
 h - 5 scrolls of fog
 m - 3 scrolls of blinking
 v - a scroll of fear
 y - 2 scrolls of butterflies
 G - a scroll of vulnerability
 J - 2 scrolls of immolation
 L - 2 scrolls of revelation
 N - 5 scrolls of poison
 Q - a scroll of torment
Potions
 a - 3 potions of resistance
 d - 2 potions of cancellation
 g - 5 potions of enlightenment
 k - a potion of mutation
 r - 6 potions of curing
 s - 5 potions of attraction
 z - 4 potions of haste
 A - a potion of magic
 R - 3 potions of lignification
 T - 8 potions of ambrosia
 U - 4 potions of degeneration
 V - a potion of berserk rage {unknown}


   Skills:
 * Level 15.8 Fighting
 + Level 20.7 Axes
 + Level 15.2 Armour
 + Level 14.0 Dodging


You had 14 spell levels left.
You didn't know any spells.
Your spell library was empty.

Dungeon Overview and Level Annotations

Branches:
Dungeon (15/15)            Temple (1/1) D:4            Lair (5/5) D:9
  Swamp (0/4) Lair:2       Spider (1/4) Lair:3        Slime (0/5) Lair:5
    Orc (0/2) D:10         Vaults (0/5) D:13
 Depths: D:15

Altars:
Ashenzari
Cheibriados
Dithmenos
Elyvilon
Fedhas
Gozag
Hepliaklqana
Kikubaaqudgha
Makhleb
Nemelex Xobeh
Okawaru
Qazlal
Ru
Sif Muna
Trog
Uskayaw
Vehumet
Wu Jian
Xom
Yredelemnul
Zin
The Shining One
Jiyva
Lugonu

Shops:
D:5 (

Annotations:
Lair:3 1 runed translucent door


Innate Abilities, Weirdness & Mutations

You have a pair of horns on your head.
You reflexively headbutt those who attack you in melee.


Message History

You climb upwards.
Welcome back to the Lair of Beasts!
Level annotation: 1 runed translucent door
There is a hole to the Spider Nest here.
You fail to use your ability.
The spark wasp stings you but does no damage.
The meliai hits you with a +0 hand axe! The meliai misses you.
The spark wasp stings you. The spark wasp shocks you!
The meliai hits you but does no damage.
The meliai stings you but does no damage.
You fail to use your ability.
The meliai completely misses you. The meliai stings you!
The spark wasp stings you! The spark wasp shocks you!
The meliai hits you but does no damage. The meliai misses you.
Your two-headed ogre goes berserk!
The spark wasp closely misses you. The meliai hits you with a +0 hand axe.
The meliai stings you!
* * * LOW HITPOINT WARNING * * *
The spark wasp barely misses you. The meliai hits you but does no damage.
The meliai closely misses you.
Your skin crawls.
You feel strong-willed. The meliai hits you with a +0 hand axe!
* * * LOW HITPOINT WARNING * * *
The meliai stings you but does no damage.
The spark wasp misses you. You furiously retaliate!
You headbutt the spark wasp. The meliai hits you but does no damage.
The meliai stings you but does no damage.
You miss the spark wasp. You headbutt the spark wasp!
The spark wasp is moderately wounded.
You closely miss the meliai. The spark wasp stings you.
* * * LOW HITPOINT WARNING * * *
The spark wasp shocks you!
* * * LOW HITPOINT WARNING * * *
Your two-headed ogre completely misses the spark wasp.
Your two-headed ogre closely misses the spark wasp.
The meliai hits you but does no damage. The meliai closely misses you.
You feel better. The meliai hits you but does no damage.
The meliai barely misses you. The spark wasp stings you!
* * * LOW HITPOINT WARNING * * *
The spark wasp shocks you!
You die...

##...........
#.......>....
#............
##...........
###............ ###
#.รทรท...........
#.#####............
#y.y##.............
#.@O^###...........
#..[.^##...........
##..^^.#...........
##...^##..........
#.....#..........
###...##.........
##..^##........
##............
##.......>....


You could see a spark wasp (ally target), a meliai and a friendly two-headed
ogre (summoned, berserk).

Vanquished Creatures
  An entropy weaver (Spider:1)
  3 hydras
  4 vault guards (D:13)
  A death knight (D:15)
  2 catoblepae (Lair:5)
  4 centaur warriors
  An ogre mage (D:14)
  3 boulder beetles
  4 death yaks (Lair:3)
  3 tengu warriors (D:13)
  5 two-headed ogres
  4 skeletal warriors (D:14)
  2 skysharks (Lair:3)
  A fire crab (D:14)
  A lindwurm (Lair:4)
  Pikel (D:6)
  A wolf spider zombie (D:15)
  An ugly thing (D:11)
  3 manticores
  6 cyclopes
  A torpor snail (Lair:3)
  2 centaur zombies (D:15)
  7 elephants
  9 black mambas
  5 meliai
  22 cane toads
  2 gargoyles
  10 komodo dragons
  4 kobold demonologists
  3 rime drakes
  Maggie (D:7)
  A queen bee (Lair:4)
  A troll (shapeshifter) (D:14)
  2 polar bears (Lair:5)
  A tyrant leech (Lair:5)
  3 trolls
  A harpy zombie (D:15)
  A hornet (shapeshifter) (D:13)
  22 blink frogs
  A blink frog (shapeshifter) (D:14)
  Prince Ribbit (D:5)
  A meliai zombie (D:15)
  5 dream sheep (Lair:4)
  2 wraiths
  11 slime creatures
  2 culicivoras (Lair:3)
  4 vampires
  84 yaks
  5 wyverns
  4 basilisks
  3 fire bats (Lair:3)
  3 steam dragons
  3 redbacks
  16 vampire mosquitoes
  An acid dragon (D:12)
  27 water moccasins
  4 orc warriors
  A meliai simulacrum (D:14)
  A sky beast (D:8)
  2 laughing skulls (D:13)
  2 black bears
  7 centaurs
  8 wolves
  A phantom (D:6)
  3 lemures (D:6)
  A kobold brigand (D:7)
  17 bullfrogs
  4 gnoll sergeants (D:6)
  13 wights
  35 killer bees
  14 howler monkeys
  2 electric eels (Lair:5)
  A bombardier beetle (D:6)
  6 hounds
  9 jellies
  2 sleepcaps (D:6)
  6 orc priests
  A gnoll bouda (D:6)
  4 iguanas
  13 orc wizards
  6 adders
  22 gnolls
  2 white imps (D:6)
  6 ufetubi
  2 dart slugs (D:1)
  2 ribbon worms
  32 orcs
  9 endoplasms
  7 giant cockroaches
  10 goblins
  7 hobgoblins
  2 jackals (D:6)
  13 kobolds
  3 quokkas
  10 ball pythons
  6 bats
  3 frilled lizards (D:1)
  6 rats
627 creatures vanquished.

Vanquished Creatures (collateral kills)
  A hydra (Lair:5)
  Erica (Lair:2)
  A skyshark (Lair:5)
  4 elephants (Lair:5)
  4 blink frogs
  A vampire (D:11)
  2 yaks (Lair:4)
  An electric eel (Lair:5)
15 creatures vanquished.

Vanquished Creatures (others)
  A goblin (D:7)
1 creature vanquished.

Grand Total: 643 creatures vanquished

Notes
Turn   | Place    | Note
-------+----------+-------------------------------------------
     0 | D:1      | LesserPlayer the Minotaur Berserker began the quest for the
                  | Orb.
     0 | D:1      | Reached XP level 1. HP: 19/19 MP: 0/0
    22 | D:1      | Found a faded altar of an unknown god.
   197 | D:1      | Reached XP level 2. HP: 22/27 MP: 1/1
   314 | D:1      | Reached skill level 4 in Axes
   920 | D:1      | Reached ** piety under Trog
   946 | D:1      | Reached XP level 3. HP: 27/33 MP: 2/2
  1525 | D:2      | Reached XP level 4. HP: 23/40 MP: 3/3
  1976 | D:2      | Reached skill level 5 in Axes
  2454 | D:3      | Found a bloodstained altar of Trog.
  2749 | D:3      | Reached XP level 5. HP: 43/47 MP: 4/4
  2973 | D:3      | Found a shadowy altar of Dithmenos.
  3777 | D:4      | Found a staircase to the Ecumenical Temple.
  3786 | Temple   | Entered the Ecumenical Temple
  4427 | D:5      | Entered Level 5 of the Dungeon
  4427 | D:5      | Noticed an orc warrior
  4436 | D:4      | Reached *** piety under Trog
  4437 | D:4      | Reached XP level 6. HP: 55/55 MP: 5/5
  4505 | D:4      | Killed an orc warrior
  4506 | D:4      | Reached skill level 5 in Fighting
  4506 | D:4      | Reached skill level 6 in Axes
  4719 | D:5      | Found a shimmering altar of Xom.
  5171 | D:5      | Reached XP level 7. HP: 60/61 MP: 6/6
  5367 | D:5      | Reached skill level 7 in Axes
  5627 | D:5      | Noticed Prince Ribbit
  5705 | D:5      | Killed Prince Ribbit
  5706 | D:5      | Reached skill level 5 in Armour
  5868 | D:5      | Found Abris's Antique Weapon Shop.
  6433 | D:5      | Upgraded the game from 0.32-a0-41-gec2d92a32c to
                  | 0.32-a0-42-ga30500b4d3
  6697 | D:6      | Reached XP level 8. HP: 62/70 MP: 7/7
  6753 | D:6      | Reached skill level 8 in Axes
  6777 | D:6      | Reached skill level 5 in Dodging
  6836 | D:6      | Found an opulent altar of Gozag.
  7419 | D:6      | Reached skill level 9 in Axes
  8307 | D:6      | Noticed Pikel
  8316 | D:6      | Killed Pikel
  8317 | D:6      | Reached skill level 10 in Axes
  8317 | D:6      | Reached XP level 9. HP: 79/79 MP: 8/8
  8458 | D:7      | Found a stormy altar of Qazlal.
  8458 | D:7      | Found a snail-covered altar of Cheibriados.
  8588 | D:7      | Reached **** piety under Trog
  8794 | D:7      | Noticed Maggie
  8808 | D:7      | Killed Maggie
  8882 | D:7      | Found a sacrificial altar of Ru.
  9222 | D:7      | Reached skill level 11 in Axes
  9884 | D:8      | Reached XP level 10. HP: 67/90 MP: 9/9
 10396 | D:8      | Identified the +5 sling of Kefro {drain, ^Drain Str+4 Int+3
                  | Dex+2}
 10559 | D:8      | Found a shimmering blue altar of Sif Muna.
 10630 | D:8      | Noticed a two-headed ogre
 10646 | D:8      | Killed a two-headed ogre
 10647 | D:8      | Reached skill level 12 in Axes
 10714 | D:8      | Noticed a two-headed ogre
 10726 | D:8      | Killed a two-headed ogre
 11384 | D:9      | Noticed a boulder beetle
 11544 | D:9      | Noticed an elephant
 11821 | D:9      | Killed an elephant
 11882 | D:9      | Reached skill level 13 in Axes
 12156 | D:9      | HP: 4/123 [vampire/vampiric draining (16)]
 12779 | D:9      | Killed a boulder beetle
 12780 | D:9      | Reached XP level 11. HP: 90/99 MP: 10/10
 12995 | D:9      | Found a staircase to the Lair.
 13184 | D:10     | Entered Level 10 of the Dungeon
 13487 | D:10     | Reached skill level 10 in Fighting
 13691 | D:10     | Noticed a two-headed ogre
 13714 | D:10     | Killed a two-headed ogre
 13875 | D:10     | Reached skill level 10 in Armour
 13895 | D:10     | You fall into a shaft and drop 1 floor!
 13932 | D:11     | Reached skill level 14 in Axes
 14126 | D:11     | Noticed a soul eater
 14413 | D:11     | Noticed a red ugly thing
 14444 | D:11     | Killed a red ugly thing
 14677 | D:10     | Found a staircase to the Orcish Mines.
 15489 | D:11     | Noticed a two-headed ogre
 15497 | D:11     | Killed a two-headed ogre
 15615 | D:11     | Noticed a two-headed ogre
 15631 | D:11     | Killed a two-headed ogre
 15857 | D:12     | Reached skill level 15 in Axes
 16283 | D:12     | Reached skill level 10 in Dodging
 16283 | D:12     | Reached XP level 12. HP: 110/110 MP: 11/11
 17189 | D:12     | Found a corrupted altar of Lugonu.
 17611 | Lair:1   | Entered Level 1 of the Lair of Beasts
 17680 | Lair:1   | Found a glowing golden altar of the Shining One.
 17907 | Lair:1   | Reached skill level 16 in Axes
 18932 | Lair:2   | Found a frozen archway.
 18990 | Lair:2   | Found a staircase to the Swamp.
 18995 | Lair:2   | Reached XP level 13. HP: 119/119 MP: 12/12
 19162 | Lair:2   | Reached skill level 17 in Axes
 19962 | Lair:2   | Noticed Erica
 19976 | Lair:2   | Killed Erica
 20123 | Lair:2   | Identified the maw talisman of Fiudd {Slay+3}
 20322 | Lair:3   | Found an iron altar of Okawaru.
 20805 | Lair:3   | Reached skill level 18 in Axes
 21288 | Lair:3   | Found a hole to the Spider Nest.
 21805 | Lair:3   | Reached ***** piety under Trog
 21901 | Lair:3   | Noticed a dire elephant
 21901 | Lair:3   | Noticed a dire elephant
 21923 | Lair:3   | Found a runed translucent door.
 22207 | Lair:4   | Reached XP level 14. HP: 121/129 MP: 13/13
 22761 | Lair:4   | Reached skill level 19 in Axes
 23125 | Lair:4   | Received a gift from Trog
 23614 | Lair:5   | Entered Level 5 of the Lair of Beasts
 24362 | Lair:5   | Found a staircase to the Slime Pits.
 24362 | Lair:5   | Found a viscous altar of Jiyva.
 24859 | Lair:5   | Reached skill level 20 in Axes
 26196 | D:13     | Found a gate to the Vaults.
 26219 | D:13     | Reached XP level 15. HP: 134/139 MP: 14/14
 26522 | D:13     | Reached skill level 15 in Fighting
 27355 | D:14     | Reached skill level 15 in Armour
 28778 | D:15     | Entered Level 15 of the Dungeon
 29482 | Spider:1 | Entered Level 1 of the Spider Nest
 30032 | Lair:3   | HP: 7/143 [spark wasp (16)]
 30032 | Lair:3   | Mangled by a spark wasp

Illustrated notes

Levels and vault maps discovered:
D:1:      amcnicky_arrival_gap_in_the_tavern_cellar, layout_basic,
          ebering_ecumenical_altar_petrified, due_unseen_surprise
D:2:      layout_loops_corners
D:3:      layout_loops_ring, grunt_dithmenos_smoke_and_mirrors,
          mainiacjoe_overflow_surrounded_room
D:4:      layout_loops_corners, minmay_temple_entry_antechambers,
          minmay_pentomino_pile
D:5:      layout_layer_cave, lemuel_coloured_pillars_altar, serial_shops, shop,
          uniq_prince_ribbit1
D:6:      layout_cave_pools, mainiacjoe_overflow_six_doors_small,
          serial_gnoll_camp, gnoll_camp_mini_loothouse, gnoll_camp_mini_basic,
          gnoll_camp_mini_sergeant, gnoll_camp_huts_basic, uniq_pikel
D:7:      layout_loops_corners, overflow_temple_1_default,
          mainiacjoe_overflow_divided_tiny, lightli_bailey_entry_fortress,
          uniq_maggie
D:8:      layout_gridville, kennysheep_orc_sif_temple
D:9:      layout_basic, david_lair_generic
D:10:     layout_irregular_city, orc_0_dummy
D:11:     layout_irregular_city
D:12:     kennysheep_kobold_lugonu_temple, layout_loops_corners
D:13:     layout_roguey, lightli_vaults_fourway_checkpoint,
          nicolae_elevator_lobby_plus
D:14:     minmay_bloctagon_deflated, layout_stronghold,
          chequers_serial_rivers_room_b
D:15:     grunt_enter_depths_hoard, layout_basic,
          minmay_misc_feat_secret_circle, serial_undead, serial_undead_a,
          serial_undead_e, serial_undead_f, serial_undead_e,
          gammafunk_ghost_smash
Temple:   zaba_magenta_temple
Lair:1:   layout_loops_ring, basic_altar, grunt_megastairs_5
Lair:2:   layout_roguey, swamp_mist, portal_ice_cave_entry_pillars_1,
          beast_lair_carwin_8, uniq_erica
Lair:3:   gammafunk_lair_enchanted_lake, layout_cave_shapes,
          spider_nest_entry_funnel_web, nicolae_volcano_entry_batcave,
          basic_altar
Lair:4:   layout_roguey [special_room_bee], grunt_megastairs_3,
          lemuel_fruit_tree
Lair:5:   minmay_lair_end_frog_pond, layout_regular_city,
          nicolae_slime_entry_slimehenge, chequers_serial_rivers_micro_e,
          minivault_25
Spider:1: spiders_nest_scorpion_pit, nicolae_spider_orb_run

Skill      XL: |  1  2  3  4  5  6  7  8  9 10 11 12 13 14 15 |
---------------+----------------------------------------------+-----
Axes           | 4 5 6 7 10 11 13 15 16 18 20 | 20.7
Fighting       | 4 5 6 7 8 9 11 12 13 14 15 | 15.8
Armour         | 3 4 5 7 8 9 10 12 13 14 15 | 15.2
Dodging        | 3 4 6 7 8 10 11 12 13 14 | 14.0

Action                     |  1- 3 |  4- 6 |  7- 9 | 10-12 | 13-15 || total
---------------------------+-------+-------+-------+-------+-------++-------
  Melee: Hand axe          |    87 |   132 |       |       |       ||   219
         Headbutt          |     7 |    16 |    48 |   104 |   227 ||   402
         Punch             |     1 |     2 |     4 |     2 |       ||     9
         Broad axe         |       |    23 |   256 |    99 |       ||   378
         Battleaxe         |       |       |       |   448 |   980 ||  1428
  Throw: Stone             |     1 |       |       |       |       ||     1
         Dart              |       |       |     7 |     5 |       ||    12
 Invoke: Berserk           |       |     1 |     4 |     9 |     1 ||    15
         Trog's Hand       |       |       |     1 |     1 |     5 ||     7
         Brothers in Arms  |       |       |       |     4 |    10 ||    14
  Evoke: Wand              |       |       |       |       |     3 ||     3
    Use: Scroll            |       |       |    16 |     8 |     6 ||    30
         Potion            |       |       |       |       |     6 ||     6
   Stab: Sleeping          |     1 |       |       |       |       ||     1
         Invisible         |       |       |       |       |     1 ||     1
 Armour: Animal skin       |     6 |       |       |       |       ||     6
         Ring mail         |    41 |    43 |       |       |       ||    84
         Scale mail        |       |    45 |   242 |    14 |       ||   301
         Plate armour      |       |       |       |   356 |   834 ||  1190
  Dodge: Dodged            |    39 |    79 |   135 |   244 |   597 ||  1094

Table legend: (Time is in decaauts)
 A = Elapsed time spent in this place.
 B = Non-inter-level travel time spent in this place.
 C = Inter-level travel time spent in this place.
 D = Time resting spent in this place.
 E = Time spent auto-exploring this place.
 F = Levels seen in this place.
 G = Mean time per level.
                   A        B        C        D        E       F      G
               +--------+--------+--------+--------+--------+-----+--------+
         Total |  30098 |  28840 |   1258 |   7646 |  14936 |  22 | 1368.1 |
       Dungeon |  21655 |  20728 |    927 |   5262 |  11037 |  15 | 1443.7 |
        Temple |      1 |      1 |      0 |      0 |      0 |   1 |    1.0 |
          Lair |   8404 |   8074 |    330 |   2374 |   3898 |   5 | 1680.8 |
   Spider Nest |     37 |     37 |      0 |     10 |      0 |   1 |   37.0 |
               +--------+--------+--------+--------+--------+-----+--------+

Top non-repeatable levels by time:
  Lair:3: 2333 daAuts
     D:9: 2314 daAuts
     D:5: 2015 daAuts
  Lair:5: 1813 daAuts
     D:6: 1809 daAuts
    D:14: 1734 daAuts
    D:12: 1704 daAuts
    D:11: 1576 daAuts
    D:13: 1532 daAuts
  Lair:4: 1484 daAuts
  Lair:2: 1441 daAuts
     D:8: 1393 daAuts
  Lair:1: 1332 daAuts
     D:7: 1275 daAuts
     D:1: 1270 daAuts
